 Dungeon Crawl Stone Soup version 0.28-a0-612-gcfc00ec14d (webtiles) character file.

Game seed: 14066004286418726724

207 bande the Covered (level 5, -5/33 HPs)
             Began as a Gargoyle Fighter on Oct 5, 2021.
             Slain by Eustachio (9 damage)
             ... on level 4 of the Dungeon.
             The game lasted 00:04:59 (2912 turns).

bande the Covered (Gargoyle Fighter)                Turns: 2912, Time: 00:05:00

Health: -5/33      AC: 11    Str: 21    XL:     5   Next: 85%
Magic:  5/5        EV:  9    Int:  8    God:
Gold:   117        SH:  5    Dex: 15    Spells: 4/4 levels left

rFire   . . .      SeeInvis .   a - +1 war axe
rCold   . . .      Faith    .   c - +0 buckler
rNeg    + . .      Spirit   .   b - +0 scale mail
rPois   ∞          Reflect  .   (no helmet)
rElec   +          Harm     .   (no cloak)
rCorr   .          Rampage  .   (no gloves)
Will    +....                   (no boots)
Stlth   ..........              (no amulet)
HPRegen 0.11/turn               h - ring of willpower
MPRegen 0.09/turn               e - +6 ring of dexterity

@: no status effects
A: sickness immunity, AC +4, negative energy resistance 1, electricity
resistance, torment resistance 1, petrification resistance
a: no special abilities


You were on level 4 of the Dungeon.
You visited 1 branch of the dungeon, and saw 4 of its levels.

You collected 117 gold pieces.

Inventory:

Hand Weapons
 a - a +1 war axe (weapon)
Armour
 b - a +0 scale mail (worn)
 c - a +0 buckler (worn)
Jewellery
 e - a +6 ring of dexterity (right hand)
 h - a ring of willpower (left hand)
Wands
 k - a wand of mindburst (14)
Scrolls
 f - 4 scrolls of identify
Potions
 d - a potion of might
 i - a potion of berserk rage
 j - a potion of brilliance
 l - 2 potions of curing


   Skills:
 + Level 4.1 Fighting
 + Level 3.6 Axes
 + Level 4.3 Armour
 - Level 0.2 Stealth
 + Level 3.8 Shields
 * Level 1.2 Evocations


You had 4 spell levels left.
You didn't know any spells.
Your spell library contained the following spells:

 Spells                   Type           Power      Damage    Failure   Level
 Gell's Gravitas          Tloc           0%         N/A       98%         3
 Teleport Other           Tloc           0%         N/A       98%         3
 Dispersal                Tloc           0%         N/A       100%        6


Dungeon Overview and Level Annotations

Branches:
Dungeon (4/15)
 Temple: D:4-7

Altars:

Shops:
D:3 (

Annotations:
D:4 Eustachio


Innate Abilities, Weirdness & Mutations

You are immune to sickness and miasma.
Your stone body is resilient. (AC +4)
You are immune to poison.
You resist negative energy. (rN+)
You are resistant to electric shocks. (rElec)
You are resistant to unholy torment.
You are immune to petrification.


Message History

You block the ufetubus's attack.
The ufetubus hits you but does no damage.
You slash Eustachio!
Eustachio is severely wounded.
You miss the quasit. You closely miss the ufetubus.
You block the quasit's attack. The quasit barely misses you.
The quasit claws you but does no damage.
The ufetubus hits you but does no damage. x2
Eustachio casts a spell.
The quasit bites you but does no damage.
The quasit claws you but does no damage. x2
The ufetubus barely misses you. The ufetubus hits you.
You barely miss Eustachio.
Eustachio is severely wounded.
You miss the quasit. You miss the ufetubus.
The quasit bites you but does no damage.
You block the quasit's attack.
The quasit claws you but does no damage.
Eustachio utters an oath, "I will die for my friends!"
Eustachio closely misses you. The ufetubus barely misses you.
The ufetubus hits you.
* * * LOW HITPOINT WARNING * * *
You block the quasit's attack. x2; The quasit barely misses you.
The ufetubus hits you but does no damage.
The ufetubus closely misses you. Eustachio hits you with a +0 rapier.
* * * LOW HITPOINT WARNING * * *
You miss Eustachio.
Eustachio is severely wounded.
You hit the ufetubus but do no damage. You closely miss the quasit.
You slash the ufetubus!
You kill the ufetubus!
The ufetubus disappears in a puff of smoke!
You block the ufetubus's attack.
The ufetubus hits you but does no damage.
The quasit bites you but does no damage.
The quasit claws you but does no damage.
The quasit claws you.
* * * LOW HITPOINT WARNING * * *
Eustachio hits you with a +0 rapier!
You die...

##..#<)..###
#.....†....# ####
###.........##
##...##...#####...#
#........## ##..#
##......)#### ....
#......)...# ......
#....#..##5.5#........
#.....##...@..........
#.<... #..§@.#.....
#....# ##..### ....
##### #... ... ...# ##
#...# ..... ###..


You could see Eustachio, a quasit (summoned) and an ufetubus (summoned).

Vanquished Creatures
  A hound (D:4)
  An orc wizard (D:3)
  Natasha (D:3)
  5 adders
  2 dart slugs
  2 worms (D:2)
  11 orcs
  6 bats
  6 endoplasms
  2 giant cockroaches
  4 goblins
  2 hobgoblins
  3 jackals (D:3)
  9 kobolds
  3 quokkas
  4 ball pythons
  2 frilled lizards
  4 rats
68 creatures vanquished.

Notes
Turn   | Place    | Note
-------+----------+-------------------------------------------
     0 | D:1      | bande the Gargoyle Fighter began the quest for the Orb.
     0 | D:1      | Reached XP level 1. HP: 14/14 MP: 1/1
   221 | D:1      | Reached XP level 2. HP: 19/19 MP: 2/2
  1376 | D:2      | Reached XP level 3. HP: 22/23 MP: 3/3
  1549 | D:2      | You fall into a shaft and drop 1 floor!
  1651 | D:2      | Reached XP level 4. HP: 28/28 MP: 4/4
  1740 | D:2      | Found a faded altar of an unknown god.
  2372 | D:3      | Noticed Natasha
  2376 | D:3      | Killed Natasha
  2387 | D:3      | Reached XP level 5. HP: 28/33 MP: 5/5
  2549 | D:3      | Found Yqedeuby's Antique Weapon Shop.
  2783 | D:3      | Reached skill level 1 in Evocations
  2891 | D:4      | Noticed Eustachio
  2912 | D:4      | Slain by Eustachio

Illustrated notes

Levels and vault maps discovered:
D:1:      dpeg_arrival_rooms_a, layout_loops_corners, serial_glass,
          glass_columns_c, glass_columns_b, glass_columns_a, glass_columns_b,
          glass_columns_b, glass_columns_b
D:2:      layout_basic, hellmonk_ecumenical_altar_heavens_door,
          minmay_pentomino_x2
D:3:      layout_rooms, serial_shops, nicolae_shop_trees, minmay_misc_feat_five,
          minmay_strange_pillars, uniq_natasha
D:4:      layout_cave_pools, hangedman_abyss_or_decor_jellyfish_corner,
          minmay_rat_hole, uniq_eustachio, uniq_robin, uniq_grinder

Skill      XL: |  1  2  3  4  5 |
---------------+----------------+-----
Axes           | 2 3 |  3.6
Armour         | 4 |  4.3
Fighting       | 4 |  4.1
Evocations     | 1 |  1.2
Stealth        | |  0.2
Shields        | |  3.8

Action                   |  1- 3 |  4- 6 || total
-------------------------+-------+-------++-------
Melee: War axe           |   119 |    95 ||   214
  Use: Scroll            |     4 |     3 ||     7
Armor: Scale mail        |    67 |    70 ||   137
Dodge: Dodged            |    66 |    50 ||   116
Block: Buckler           |    32 |    33 ||    65

Table legend: (Time is in decaauts)
 A = Elapsed time spent in this place.
 B = Non-inter-level travel time spent in this place.
 C = Inter-level travel time spent in this place.
 D = Time resting spent in this place.
 E = Time spent auto-exploring this place.
 F = Levels seen in this place.
 G = Mean time per level.
                   A        B        C        D        E       F      G
               +--------+--------+--------+--------+--------+-----+--------+
         Total |   2995 |   2995 |      0 |     39 |   2299 |   4 |  748.8 |
       Dungeon |   2995 |   2995 |      0 |     39 |   2299 |   4 |  748.8 |
               +--------+--------+--------+--------+--------+-----+--------+

Top non-repeatable levels by time:
     D:1: 1401 daAuts
     D:2: 765 daAuts
     D:3: 686 daAuts
     D:4: 142 daAuts
